 Dungeon Crawl Stone Soup version 0.16-a0-4024-g0ecf4ac (webtiles) character file.

181 timbw the Slasher (level 5, 0/41 HPs)
             Began as a Vampire Fighter on Feb 18, 2015.
             Killed by divine providence
             ... invoked by an orc priest
              (15 damage)
             ... on level 4 of the Dungeon.
             The game lasted 00:04:57 (1086 turns).

timbw the Slasher (Vampire Fighter)                 Turns: 1086, Time: 00:04:57

Health: 0/41       AC:  9    Str: 15    XL:     5   Next: 34%
Magic:  4/5        EV:  9    Int: 10    God:
Gold:   78         SH:  8    Dex: 14    Spells: 0 memorised, 4 levels left

rFire  . . .     SeeInvis +     a - +0 long sword
rCold  . . .     Clarity  .     i - +0 ring mail
rNeg   . . .     SustAb   .     c - +0 shield
rPois  .         Gourm    .     g - +0 helmet
rElec  .         Spirit   .     e - +2 cloak
rCorr  .         Warding  .     (no gloves)
rMut   .         Stasis   .     (no boots)
MR     .....                    (no amulet)
Stlth  +.........               (no ring)
                                (no ring)

@: regenerating quickly, not resistant to hostile enchantments, very unstealthy
A: bottle blood, fangs 3, see invisible, unbreathing
a: no special abilities


You were on level 4 of the Dungeon.
You were very full.

You visited 1 branch of the dungeon, and saw 4 of its levels.

You collected 78 gold pieces.

Inventory:

Hand weapons
 a - a +0 long sword (weapon)
Missiles
 p - 7 javelins (quivered)
Armour
 b - a +0 scale mail
 c - a +0 shield (worn)
 e - a +2 cloak (worn)
 g - a +0 helmet (worn)
 i - a +0 ring mail (worn)
Magical devices
 r - a wand of slowing (31)
Scrolls
 h - a scroll of fear {unknown}
 j - a scroll of magic mapping {unknown}
 k - a scroll of fog {unknown}
 m - a scroll of blinking {unknown}
 n - a scroll of remove curse {unknown}
 q - a scroll of random uselessness {unknown}
Potions
 d - a potion of blood
 f - a potion of restore abilities
 l - a potion of ambrosia
 s - a potion of curing {unknown}


   Skills:
 + Level 3.6 Fighting
 * Level 4.2 Long Blades
 - Level 2.4 Armour
 + Level 2.5 Dodging
 - Level 2.6 Shields


You had 4 spell levels left.
You didn't know any spells.

Dungeon Overview and Level Annotations

Branches:
Dungeon (4/15)
 Temple: D:4-7

Altars:
Elyvilon
Fedhas
Qazlal
Xom


Innate Abilities, Weirdness & Mutations

Your natural rate of healing is unusually fast.
You can bottle blood from corpses.
You have razor-sharp teeth.
You have supernaturally acute eyesight.
You can survive without breathing.


Message History

You hit the orc.
The orc is severely wounded.
The orc hits you with an antimagic dagger.
You feel your power leaking away.
The worker ant bites you but does no damage.
You barely miss the orc.
The orc is severely wounded.
The orc priest invokes the aid of Beogh against you.
Something smites you! The orc hits you but does no damage.
The worker ant bites you. You block the orc priest's attack.
You hear a shout!
You closely miss the orc.
The orc is severely wounded.
You block the orc's attack. The worker ant bites you. The orc priest hits you.
You barely miss the orc.
The orc is severely wounded.
You block the worker ant's attack. The orc hits you but does no damage.
The orc priest invokes the aid of Beogh against you.
Something smites you!
You die...

. ## ... ). oo..#. ...#.
.. ... ####
##..#.#############...##
........o.o.....o.......#
...#..##########oo......#
....# ####@.......# .###.
#..a........# #..##
##.#####...##
#....####..# ####
#......## ###...## ###
#.(#........ #†###......
.#######.###.......


You could see a worker ant, an orc priest and 2 orcs.

Vanquished Creatures
  Crazy Yiuf (D:2)
  A centaur skeleton (D:3)
  4 adders
  4 gnolls (D:3)
  A worm (D:2)
  2 giant geckos (D:1)
  2 ball pythons
  3 bats
  2 giant cockroaches
  7 hobgoblins
  An ooze (D:1)
  A quokka (D:3)
  3 giant newts
  4 goblins
  4 jackals (D:1)
  7 kobolds
  2 rats (D:3)
49 creatures vanquished.

Notes
Turn   | Place    | Note
--------------------------------------------------------------
     0 | D:1      | timbw, the Vampire Fighter, began the quest for the Orb.
     0 | D:1      | Reached XP level 1. HP: 17/17 MP: 1/1
   111 | D:1      | Reached XP level 2. HP: 21/23 MP: 2/2
   224 | D:1      | Reached skill level 3 in Fighting
   329 | D:2      | Noticed Crazy Yiuf
   335 | D:2      | Killed Crazy Yiuf
   335 | D:2      | Reached skill level 1 in Dodging
   335 | D:2      | Reached XP level 3. HP: 25/29 MP: 3/3
   492 | D:2      | Found a white marble altar of Elyvilon.
   493 | D:2      | Found a blossoming altar of Fedhas.
   513 | D:2      | Found a stormy altar of Qazlal.
   643 | D:2      | Reached XP level 4. HP: 33/35 MP: 4/4
   893 | D:3      | Reached skill level 4 in Long Blades
   893 | D:3      | Reached XP level 5. HP: 16/41 MP: 5/5
   936 | D:3      | Found a shimmering altar of Xom.
  1086 | D:4      | Killed from afar by an orc priest

Action                   |  1- 3 |  4- 6 || total
-------------------------+-------+-------++-------
Melee: Long sword        |    76 |    95 ||   171
Throw: Javelin           |       |     1 ||     1
Evoke: Wand              |       |     1 ||     1
  Use: Potion            |     1 |       ||     1
       Scroll            |       |     2 ||     2
  Eat: Corpse            |     7 |     5 ||    12
